 Dungeon Crawl Stone Soup version 0.30-a0-728-gc68057be0a (webtiles) character file.

Game seed: 9974016066453885082

30 Legacy the Trooper (level 3, -10/54 HPs)
             Began as a Minotaur Berserker on Jan 31, 2023.
             Was a Follower of Trog.
             Killed from afar by Sigmund (12 damage)
             ... with a bolt of light
             ... on level 2 of the Dungeon.
             The game lasted 00:02:36 (932 turns).

Legacy the Trooper (Minotaur Berserker)              Turns: 932, Time: 00:02:37

Health: -10/54     AC:  5    Str: 23    XL:     3   Next: 5%
Magic:  2/2        EV: 11    Int:  4    God:    Trog [*.....]
Gold:   39         SH:  0    Dex:  9    Spells: 2/2 levels left

rFire   . . .      SeeInvis .    a - +0 hand axe
rCold   . . .      Faith    .    (no shield)
rNeg    . . .      Spirit   .    f - +0 ring mail
rPois   .          Reflect  .    (helmet restricted)
rElec   .          Harm     .    (no cloak)
rCorr   .          Rampage  .    (no gloves)
Will    .....                    (no boots) Stlth
                                 (no amulet)
HPRegen 0.29/turn                (no ring)
MPRegen 0.08/turn                (no ring)

@: berserking, very quick
A: horns 2, retaliatory headbutt
a: Renounce Religion, Berserk


You were on level 2 of the Dungeon.
You worshipped Trog.
Trog was aware of your devotion.
You visited 1 branch of the dungeon, and saw 2 of its levels.

You collected 39 gold pieces.

Inventory:

Hand Weapons
 a - a +0 hand axe (weapon)
Armour
 f - a +0 ring mail (worn)
Scrolls
 b - 3 scrolls of identify {unknown}
 g - a scroll of immolation {unknown}
 h - a scroll of magic mapping {unknown}
 i - a scroll of blinking {unknown}
 j - a scroll of teleportation {unknown}
Potions
 c - a potion of cancellation {unknown}
 d - a potion of brilliance {unknown}
 e - a potion of heal wounds {unknown}


   Skills:
 + Level 5.1 Fighting
 - Level 3.6 Axes
 - Level 2.4 Armour
 - Level 2.1 Dodging


You had 2 spell levels left.
You didn't know any spells.
Your spell library was empty.

Dungeon Overview and Level Annotations

Branches:
Dungeon (2/15)

Altars:

Annotations:
D:2 Sigmund


Innate Abilities, Weirdness & Mutations

You have a pair of horns on your head.
You reflexively headbutt those who attack you in melee.


Message History

The ball python barely misses you.
The ball python attacks as you move away!
The ball python misses you. x2
The ball python closely misses you. The ball python completely misses you.
The ball python attacks as you move away!
The ball python bites you.
You hit the ball python.
You kill the ball python!
Trog accepts your kill.
You see here a ball python corpse.
Found an escape hatch in the floor.
Found a scroll labelled KUTHAF VODUCO.
j - a scroll labelled KUTHAF VODUCO Sigmund the Dreaded comes into view.
He is wielding a +3 heavy scythe, wearing a +2 robe of positive energy and carrying a wand of light (4).
Found 2 scrolls labelled ULEZOKO DAOM.
Sigmund shouts!
Sigmund hits you from afar with a +3 heavy scythe!
Sigmund hits you from afar with a +3 heavy scythe!!
Ouch! That really hurt!
* * * LOW HITPOINT WARNING * * *
A red film seems to cover your vision as you go berserk!
You feel yourself moving faster!
You feel mighty! Sigmund barely misses you. You furiously retaliate!
You headbutt Sigmund!!
Cleave: a) +0 hand axe
Press: ? - help, Dir - move target, f - Sigmund
Aim: Sigmund, wielding a +3 heavy scythe, wearing a +2 robe of positive energy and carrying a wand of light (4) (severely wounded, about 45% to evade your +0 hand axe)
You hit Sigmund.
Sigmund is almost dead.
Cleave: a) +0 hand axe
Press: ? - help, Dir - move target, f/p - Sigmund
Aim: Sigmund, wielding a +3 heavy scythe, wearing a +2 robe of positive energy and carrying a wand of light (4) (almost dead, about 45% to evade your +0 hand axe)
You hit Sigmund.
Sigmund is almost dead.
Cleave: a) +0 hand axe
Press: ? - help, Dir - move target, f/p - Sigmund
Aim: Sigmund, wielding a +3 heavy scythe, wearing a +2 robe of positive energy and carrying a wand of light (4) (almost dead, about 45% to evade your +0 hand axe)
You barely miss Sigmund. Your headbutt misses Sigmund.
Sigmund is almost dead.
Sigmund zaps a wand.
The bolt of light hits you!
You die...

#######.#.#.##.# #
#.###..>..# ##.#.#.####
#...#.#####.#
#...#.......#
#...######### # #...#####
##.#
######...#...#####...###.
##.............#@.........
..............@.#........
##.............#.#....##..
######...#....#.#....#
#......##.#.#.#..#
#....#.##...?....#
#....#.######.....
#......# ####.## #.####.#


You could see Sigmund.

Vanquished Creatures
  2 dart slugs (D:1)
  3 ball pythons
  4 goblins (D:1)
  2 hobgoblins (D:1)
  4 jackals (D:1)
  4 kobolds (D:1)
  A quokka (D:1)
  A frilled lizard (D:1)
  3 rats (D:1)
24 creatures vanquished.

Notes
Turn   | Place    | Note
-------+----------+-------------------------------------------
     0 | D:1      | Legacy the Minotaur Berserker began the quest for the Orb.
     0 | D:1      | Reached XP level 1. HP: 19/19 MP: 0/0
   115 | D:1      | Reached skill level 4 in Fighting
   216 | D:1      | Found a faded altar of an unknown god.
   321 | D:1      | Reached XP level 2. HP: 26/28 MP: 1/1
   423 | D:1      | Reached skill level 5 in Fighting
   528 | D:1      | Reached XP level 3. HP: 36/36 MP: 2/2
   922 | D:2      | Noticed Sigmund
   927 | D:2      | HP: 1/36 [Sigmund/+3 heavy scythe (20)]
   932 | D:2      | Killed from afar by Sigmund

Illustrated notes

Levels and vault maps discovered:
D:1:      minmay_arrival_four_circles, layout_loops_ring,
          shapermc_ecumenical_altar_petra, minmay_misc_feat_doors,
          minmay_misc_feat_enclosed, minivault_27,
          chequers_serial_rivers_micro_d
D:2:      layout_loops_cross, basic_altar, uniq_sigmund

Skill      XL: |  1  2 |
---------------+-------+-----
Fighting       | 4 5 |  5.1
Axes           | |  3.6
Armour         | |  2.4
Dodging        | |  2.1

Action                     || total
---------------------------++-------
  Melee: Hand axe          ||    35
         Headbutt          ||     6
 Invoke: Berserk           ||     1
 Armour: Animal skin       ||     2
         Ring mail         ||    10
  Dodge: Dodged            ||    41

Table legend: (Time is in decaauts)
 A = Elapsed time spent in this place.
 B = Non-inter-level travel time spent in this place.
 C = Inter-level travel time spent in this place.
 D = Time resting spent in this place.
 E = Time spent auto-exploring this place.
 F = Levels seen in this place.
 G = Mean time per level.
                   A        B        C        D        E       F      G
               +--------+--------+--------+--------+--------+-----+--------+
         Total |    935 |    894 |     41 |      0 |      0 |   2 |  467.5 |
       Dungeon |    935 |    894 |     41 |      0 |      0 |   2 |  467.5 |
               +--------+--------+--------+--------+--------+-----+--------+

Top non-repeatable levels by time:
     D:1: 778 daAuts
     D:2: 157 daAuts
